 Dungeon Crawl Stone Soup version 0.28-a0-563-gf77a47075d (webtiles) character file.

Game seed: 17227377890128820415

130 tilp the Conjurer (level 4, 19/19 HPs)
             Began as a Felid Hedge Wizard on Sept 30, 2021.
             Was a Follower of Sif Muna.
             Quit the game on level 3 of the Dungeon.
             The game lasted 00:09:41 (5413 turns).

tilp the Conjurer (Felid Hedge Wizard)              Turns: 5413, Time: 00:09:42

Health: 19/19      AC:  1    Str:  6    XL:     4   Next: 89%
Magic:  9/9        EV: 22    Int: 17    God:    Sif Muna [*.....]
Gold:   98         SH:  0    Dex: 15    Spells: 2/9 levels left
                                        Lives:  0   Deaths: 1

rFire   . . .      SeeInvis +     - Unarmed
rCold   . . .      Faith    .   (shield unavailable)
rNeg    . . .      Spirit   .   (armour unavailable)
rPois   .          Reflect  .   (helmet unavailable)
rElec   .          Harm     .   (cloak unavailable)
rCorr   .          Rampage  .   (gloves unavailable)
Will    .....                   (boots unavailable)
Stlth   ++........              (no amulet)
HPRegen 0.06/turn               f - +4 ring of evasion
MPRegen 0.11/turn               (no ring)

@: quick
A: very small, claws 1, fangs 3, see invisible, speed 1, shaggy fur 1, stealthy
paws, no weapons or thrown items, no armour, multi-lived
a: Renounce Religion, Channel Magic


You were on level 3 of the Dungeon.
You worshipped Sif Muna.
Sif Muna was aware of your devotion.
You visited 1 branch of the dungeon, and saw 3 of its levels.
You also visited: Sewer.

You collected 98 gold pieces.

Inventory:

Jewellery
 a - a ring of fire
 f - a +4 ring of evasion (left paw)
Scrolls
 b - a scroll of identify {unknown}
 j - a scroll of amnesia
Potions
 c - a potion of curing {unknown}
 d - a potion of resistance {unknown}
 e - a potion of brilliance {unknown}
 g - 2 potions of flight {unknown}
 h - a potion of berserk rage {unknown}
 i - a potion of ambrosia {unknown}


   Skills:
 + Level 1.2 Fighting
 + Level 3.4 Dodging
 + Level 3.5 Stealth
 + Level 2.5 Unarmed Combat
 - Level 3.0 Spellcasting
 - Level 4.0 Conjurations
 - Level 1.0 Summonings
 - Level 1.5 Translocations


You had 2 spell levels left.
You knew the following spells:

 Your Spells              Type           Power      Damage    Failure   Level
a - Magic Dart            Conj           64%        1d6       3%          1
b - Call Imp              Summ           5%         N/A       17%         2
c - Blink                 Tloc           N/A        N/A       14%         2
d - Slow                  Hex            2%         N/A       26%         2

Your spell library contained the following spells:

 Spells                   Type           Power      Damage    Failure   Level
 Conjure Flame            Conj/Fire      9%         6-21      22%         3
 Gell's Gravitas          Tloc           3%         N/A       28%         3
 Lesser Beckoning         Tloc           7%         N/A       28%         3
 Teleport Other           Tloc           7%         N/A       28%         3
 Mephitic Cloud           Conj/Pois/Air  7%         N/A       30%         3
 Manifold Assault         Tloc           7%         N/A       95%         5


Dungeon Overview and Level Annotations

Branches:
Dungeon (3/15)              Sewer (visited)

Altars:
Sif Muna

Shops:
D:1 (


Innate Abilities, Weirdness & Mutations

You have sharp claws.
You have razor-sharp teeth.
You have supernaturally acute eyesight. (SInv)
You cover ground quickly. (Speed+)
You are covered in fur. (AC +1)
Your paws help you pounce on unaware monsters.
You are incapable of wielding weapons or throwing items.
You cannot wear armour.
You gain extra lives every three experience levels.


Message History

Confirm with . or Enter, or press ? or * to list all spells.
Aiming: Magic Dart (safe; 3% risk of failure)
Press: ? - help, Shift-Dir - straight line, f/p - orc priest
Aim: an orc priest, wielding a +0 short sword (heavily wounded, 100% to hit)
The magic dart hits the orc priest.
The orc priest is heavily wounded.
Unknown command.
Casting: Magic Dart (safe; 3% risk of failure)
Confirm with . or Enter, or press ? or * to list all spells.
Aiming: Magic Dart (safe; 3% risk of failure)
Press: ? - help, Shift-Dir - straight line, f/p - orc priest
Aim: an orc priest, wielding a +0 short sword (heavily wounded, 100% to hit)
The magic dart hits the orc priest.
The orc priest is severely wounded.
Unknown command.
Casting: Magic Dart (safe; 3% risk of failure)
Confirm with . or Enter, or press ? or * to list all spells.
Aiming: Magic Dart (safe; 3% risk of failure)
Press: ? - help, Shift-Dir - straight line, f/p - orc priest
Aim: an orc priest, wielding a +0 short sword (severely wounded, 100% to hit)
The magic dart hits the orc priest.
The orc priest is severely wounded.
Unknown command.
Casting: Magic Dart (safe; 3% risk of failure)
Confirm with . or Enter, or press ? or * to list all spells.
Aiming: Magic Dart (safe; 3% risk of failure)
Press: ? - help, Shift-Dir - straight line, f/p - orc priest
Aim: an orc priest, wielding a +0 short sword (severely wounded, 100% to hit)
The magic dart hits the orc priest.
The orc priest is almost dead.
The orc priest hits you with a +0 short sword.
Unknown command.
The orc priest invokes the aid of Beogh against you.
Pain shoots through your body!
Ouch! That really hurt!
You die...
You are now level 4!
You rejoin the land of the living...
Unknown command.
Are you sure you want to abandon this character and quit the game? (Confirm with "yes".)

#
..#...#.....................
. ..
.###...#.####...........
#....# ##.†........
#.#...###.........#.
..........#......... .# #
........##.....|###. .#.#..
.............#### #.#.#...
............## ........
.......@...## ........
............# ......#
............####### ......##
..########........##
........ . ###..###..# .
.......#.# #.....#..## .
<........#...## ######.#.#
.[# . ..............##...#
#.#.# #.##.
....#..#.......#...# #.#.#
#.#..


There were no monsters in sight!

Vanquished Creatures
  Robin (D:2)
  6 adders
  2 worms (D:2)
  A dart slug (D:3)
  4 orcs
  8 ball pythons
  11 endoplasms
  2 giant cockroaches
  16 goblins
  3 hobgoblins
  4 kobolds
  3 quokkas
  6 bats
  5 frilled lizards
  3 rats (D:1)
75 creatures vanquished.

Vanquished Creatures (collateral kills)
  An ogre (D:2)
  A river rat (D:3)
2 creatures vanquished.

Vanquished Creatures (others)
  5 plants (Sewer)
5 creatures vanquished.

Grand Total: 82 creatures vanquished

Notes
Turn   | Place    | Note
-------+----------+-------------------------------------------
     0 | D:1      | tilp the Felid Hedge Wizard began the quest for the Orb.
     0 | D:1      | Reached XP level 1. HP: 7/7 MP: 5/5
    56 | D:1      | Reached skill level 1 in Conjurations
   354 | D:1      | Reached XP level 2. HP: 11/11 MP: 1/7
   426 | D:1      | Reached skill level 2 in Conjurations
   530 | D:1      | Learned a level 2 spell: Call Imp
   533 | D:1      | Learned a level 2 spell: Blink
   536 | D:1      | Learned a level 2 spell: Slow
  1144 | D:1      | Found Henkuafa's Antique Weapon Shoppe.
  1273 | D:2      | Reached XP level 3. HP: 14/14 MP: 6/8
  1702 | D:2      | Reached skill level 3 in Conjurations
  1729 | D:2      | Found a shimmering blue altar of Sif Muna.
  1743 | D:2      | Became a worshipper of Sif Muna the Loreminder
  2131 | D:2      | Reached XP level 4. HP: 18/18 MP: 1/9
  2219 | D:2      | Noticed Robin
  2219 | D:2      | Noticed an ogre
  2883 | D:3      | Found a shimmering blue altar of Sif Muna.
  3048 | D:3      | Found a glowing drain.
  3053 | D:3      | Reached skill level 4 in Conjurations
  3053 | D:3      | Reached * piety under Sif Muna
  3104 | Sewer    | Entered a sewer
  3259 | Sewer    | Noticed a kobold brigand
  3260 | Sewer    | Identified a scroll of acquirement
  3260 | Sewer    | Acquired 982 gold pieces
  3531 | Sewer    | Reached skill level 1 in Unarmed Combat
  3933 | D:3      | Reached XP level 5. HP: 21/21 MP: 4/10
  4410 | D:2      | Killed Robin
  4690 | D:2      | Killed an ogre
  4691 | D:2      | Reached skill level 1 in Fighting
  4744 | D:2      | Found a shimmering blue altar of Sif Muna.
  5412 | D:3      | Killed from afar by an orc priest
  5413 | D:3      | Reached XP level 4. HP: -1/19 MP: 0/9
  5413 | D:3      | Quit the game

Illustrated notes

Levels and vault maps discovered:
D:1:      saegor_arrival_under_anarchy, layout_basic, serial_shops, shop_statue,
          minmay_indecisive_spiral
D:2:      layout_basic, basic_altar, minmay_misc_feat_five,
          hangedman_decor_diamond_cutter, uniq_robin
D:3:      layout_rooms, mainiacjoe_overflow_paths, portal_sewer_entry_b,
          uniq_ijyb

Skill      XL: |  1  2  3  4  5 |
---------------+----------------+-----
Conjurations   | 1 2 3 4 |  4.0
Unarmed Combat | 1 2 |  2.5
Fighting       | 1 |  1.2
Dodging        | 3 |  3.4
Stealth        | 3 |  3.5
Spellcasting   | |  3.0
Summonings     | |  1.0
Translocations | |  1.5

Action                   |  1- 3 |  4- 6 || total
-------------------------+-------+-------++-------
Melee: Unarmed           |     2 |       ||     2
 Cast: Magic Dart        |   111 |   129 ||   240
       Call Imp          |       |     7 ||     7
       Slow              |       |     1 ||     1
  Use: Scroll            |     4 |     4 ||     8
 Stab: Sleeping          |     1 |       ||     1
Armor: Skin              |       |     3 ||     3
Dodge: Dodged            |    11 |    22 ||    33

Table legend: (Time is in decaauts)
 A = Elapsed time spent in this place.
 B = Non-inter-level travel time spent in this place.
 C = Inter-level travel time spent in this place.
 D = Time resting spent in this place.
 E = Time spent auto-exploring this place.
 F = Levels seen in this place.
 G = Mean time per level.
                   A        B        C        D        E       F      G
               +--------+--------+--------+--------+--------+-----+--------+
         Total |   4998 |   4857 |    141 |   1882 |   2113 |   4 | 1249.5 |
       Dungeon |   4540 |   4399 |    141 |   1518 |   2089 |   3 | 1513.3 |
         Sewer |    458 |    458 |      0 |    364 |     24 |   1 |  458.0 |
               +--------+--------+--------+--------+--------+-----+--------+

Top non-repeatable levels by time:
     D:2: 2508 daAuts
     D:1: 1218 daAuts
     D:3: 814 daAuts
   Sewer: 458 daAuts
